 Dungeon Crawl Stone Soup version 0.31-a0-986-g5e6e4ef867 (webtiles) character file.

Game seed: 17562571935917478748

72 ytrimaz the Insei (level 4, 0/32 HPs)
             Began as a Demonspawn Shapeshifter on Nov 3, 2023.
             Slain by a black bear (4 damage)
             ... on level 3 of the Dungeon.
             The game lasted 00:01:59 (1780 turns).

ytrimaz the Insei (Demonspawn Shapeshifter)         Turns: 1780, Time: 00:02:00

Health: 0/32       AC:  3    Str: 14    XL:     4   Next: 6%
Magic:  4/4        EV: 12    Int: 11    God:
Gold:   109        SH:  0    Dex: 15    Spells: 3/3 levels left

rFire   . .          .
                       - Unarmed
rCold   . . .        (no shield)
rNeg    . . .        a - +0 animal skin
rPois   .            (helmet currently unavailable)
rElec   .            (cloak currently unavailable)
rCorr   .            (gloves currently unavailable)
SInv    .            (boots currently unavailable)
Will    .....        (no amulet)
Stlth   +            (no ring)
HPRegen 0.25/turn    (no ring)
MPRegen 0.09/turn

%: no passive effects
@: beast-form
A: beast (slay +2), sharp scales 1, weakness stinger 2
a: Begin Untransformation


You were on level 3 of the Dungeon.
You were a hulking beast.
You visited 1 branch of the dungeon, and saw 3 of its levels.

You collected 109 gold pieces.


Innate Abilities, Weirdness & Mutations

You are a hulking beast.
Your limbs bulge with bestial killing power. (Slay +2)
You are partially covered in razor-sharp scales. (AC +1, Slay +1)
You have a tail ending in a sharp stinger.


   Skills:
 - Level 1.0 Fighting
 - Level 1.7 Dodging
 + Level 3.7 Unarmed Combat
 + Level 3.5 Shapeshifting


You had 3 spell levels left.
You didn't know any spells.
Your spell library contained the following spells:

 Spells                   Type           Power      Damage    Failure   Level
 Necrotise                Necr           0%         1d4       34%         1
 Vampiric Draining        Necr           0%         2d6       71%         3
 Agony                    Necr           0%         N/A       100%        5

Inventory:

Missiles
 q - 6 curare-tipped darts (quivered)
Armour
 a - a +0 animal skin (worn)
 o - a +0 pair of gloves
   (You found it on level 1 of the Dungeon)
 u - a +1 pair of boots
   (You found it on level 3 of the Dungeon)
Talismans
 c - a beast talisman
 d - a flux talisman
Scrolls
 e - 2 scrolls of fear {unknown}
 g - a scroll of noise {unknown}
 h - a scroll of poison {unknown}
 j - a scroll of enchant armour {unknown}
 l - 2 scrolls of teleportation {unknown}
 m - a scroll of blinking {unknown}
 p - 2 scrolls of immolation {unknown}
 s - 2 scrolls of identify {unknown}
 t - a scroll of fog {unknown}
Potions
 b - 2 potions of lignification
 f - a potion of enlightenment {unknown}
 i - a potion of brilliance {unknown}
 k - 2 potions of cancellation {unknown}
 n - a potion of degeneration {unknown}
 r - a potion of curing {unknown}

Dungeon Overview and Level Annotations

Branches:
Dungeon (3/15) Zot: 16228

Altars:

#. #.. ... #
..## ## .# #..#
.####...#
#..###....#..#
#.#.#.####..#
#hh†#......####
##.####.#......
.##.......#####
........###
........#
#######.# #.#
###.# #...#


You could see a black bear (berserk).


Message History

A bat is nearby!
A bat is nearby!
The bat hits you but does no damage.
A bat is nearby!
A bat is nearby!
The bat closely misses you.
You barely miss the bat. You punch the bat.
You kill the bat!
You see here a staff of death.
Key pressed, stopping explore.
No target in view!
No target in view!
No target in view!
No target in view!
Found an escape hatch in the floor.
You see here a +0 heavy falchion.
A rat comes into view.
A rat is nearby!
A rat is nearby!
The rat bites you but does no damage.
You hit the rat.
You kill the rat!
No target in view!
No target in view!
A giant cockroach comes into view.
A giant cockroach is nearby!
A giant cockroach is nearby!
The helpless giant cockroach fails to defend itself.
You hit the giant cockroach but do no damage.
The giant cockroach barely misses you.
You closely miss the giant cockroach. The giant cockroach misses you.
You barely miss the giant cockroach. The giant cockroach bites you. 😕 HP[-1]
You take 1 damage, and now have 31/32 hp.
You barely miss the giant cockroach. The giant cockroach closely misses you.
You closely miss the giant cockroach. The giant cockroach barely misses you.
Unknown command.
You hit the giant cockroach. The giant cockroach barely misses you.
The giant cockroach attacks as it pursues you!
The giant cockroach bites you but does no damage. 😎 HP[+1]
Your hp is fully restored (32).
A black bear comes into view.
The giant cockroach attacks as it pursues you!
The giant cockroach barely misses you. x2
You see here a +1 pair of boots.
u - a +1 pair of boots The giant cockroach closely misses you.
You punch the giant cockroach!
You kill the giant cockroach!
The black bear growls angrily.
The black bear barely misses you.
The black bear claws you but does no damage.
The black bear closely misses you.
You barely miss the black bear.
The black bear bites you but does no damage.
The black bear claws you.
The black bear closely misses you. 😕 HP[-1]
You take 1 damage, and now have 31/32 hp.
You hit the black bear. The black bear bites you. The black bear claws you.
The black bear claws you but does no damage. 😕 HP[-3]
You take 3 damage, and now have 28/32 hp.
Unknown command.
You completely miss the black bear. The black bear bites you.
The black bear claws you but does no damage. x2 😕 HP[-3]
You take 3 damage, and now have 25/32 hp.
You hit the black bear. The black bear bites you.
The black bear barely misses you.
The black bear claws you but does no damage. 😮 HP[-3]
You take 3 damage, and now have 22/32 hp.
Unknown command.
You hit the black bear. The black bear barely misses you.
The black bear claws you but does no damage. x2
Unknown command.
You hit the black bear. You punch the black bear!
The black bear barely misses you. The black bear claws you.
The black bear claws you but does no damage. 😮 HP[-2]
You take 2 damage, and now have 20/32 hp.
You barely miss the black bear.
Your tail-slap misses the black bear.
The black bear bites you but does no damage.
The black bear claws you. x2 😮 HP[-1]
You take 1 damage, and now have 19/32 hp.
Unknown command.
You hit the black bear.
The black bear goes berserk!
You barely miss the black bear. The black bear bites you!
* * * LOW HITPOINT WARNING * * *
The black bear claws you but does no damage.
The black bear claws you.
* * * LOW HITPOINT WARNING * * *
😱 HP[-15]
You take 15 damage, and now have 4/32 hp.
MASSIVE DAMAGE!! (PAUSE)
You hit the black bear. The black bear bites you.
You die...

Skill      XL: |  1  2 |
---------------+-------+-----
Unarmed Combat | 3 |  3.7
Shapeshifting  | 3 |  3.5
Fighting       | |  1.0
Dodging        | |  1.7

Action                     |  1- 3 |  4- 6 || total
---------------------------+-------+-------++-------
  Melee: Unarmed           |   105 |    26 ||   131
         Tailslap          |    16 |       ||    16
         Punch             |       |     2 ||     2
   Stab: Sleeping          |     5 |     1 ||     6
 Armour: Animal skin       |    38 |    29 ||    67
  Dodge: Dodged            |    63 |    17 ||    80

Levels and vault maps discovered:
D:1:      dpeg_arrival_long_road, layout_basic, kennysheep_crisscross
D:2:      layout_loops_ring
D:3:      layout_loops_ring, chequers_ecumenical_altar_lobes,
          minmay_pentomino_pile

Notes
Turn   | Place    | Note
-------+----------+-------------------------------------------
     0 | D:1      | ytrimaz the Demonspawn Shapeshifter began the quest for the
                  | Orb.
     0 | D:1      | Reached XP level 1. HP: 15/15 MP: 1/1
     0 | D:1      | magus.rc [v1.9.6]
   194 | D:1      | Reached skill level 3 in Unarmed Combat
   232 | D:1      | Gained mutation: You have a small tail. [demonic ancestry]
   232 | D:1      | Reached XP level 2. HP: 21/21 MP: 2/2
   256 | D:1      | You pick up a book of Necromancy and begin reading...
   256 | D:1      | You add the spells Necrotise, Vampiric Draining and Agony
                  | to your library.
   318 | D:1      | Reached skill level 3 in Shapeshifting
   834 | D:2      | Gained mutation: You have a tail ending in a sharp stinger.
                  | [demonic ancestry]
   834 | D:2      | Reached XP level 3. HP: 25/26 MP: 3/3
  1560 | D:3      | Gained mutation: You are partially covered in razor-sharp
                  | scales. (AC +1, Slay +1) [demonic ancestry]
  1560 | D:3      | Reached XP level 4. HP: 14/32 MP: 4/4
  1766 | D:3      | Noticed a black bear
  1779 | D:3      | HP: 8/32 [black bear (11)]
  1780 | D:3      | Slain by a black bear

Vanquished Creatures
  2 adders
  A dart slug (D:2)
  An orc (D:3)
  5 ball pythons
  3 bats
  6 endoplasms
  4 giant cockroaches
  6 hobgoblins
  2 quokkas
  2 frilled lizards
  7 goblins
  2 kobolds
  5 rats
46 creatures vanquished.

Table legend:
 A = Non-vault XP
 B = Vault XP
 C = Vault XP percentage of total XP
 D = Non-vault monster count
 E = Vault monster count
 F = Vault count percentage of total count
                 A         B        C        D         E       F
            +---------+---------+-------+---------+---------+-------
      Total |     101 |       2 |   1.9 |      45 |       1 |   2.2
            +---------+---------+-------+---------+---------+-------
        D:1 |      36 |       0 |   0.0 |      21 |       0 |   0.0
        D:2 |      42 |       0 |   0.0 |      17 |       0 |   0.0
        D:3 |      23 |       2 |   8.0 |       7 |       1 |  12.5
            +---------+---------+-------+---------+---------+-------

Skill      XL: |  1  2 |
---------------+-------+-----
Unarmed Combat | 3 |  3.7
Shapeshifting  | 3 |  3.5
Fighting       | |  1.0
Dodging        | |  1.7

Action                     |  1- 3 |  4- 6 || total
---------------------------+-------+-------++-------
  Melee: Unarmed           |   105 |    26 ||   131
         Tailslap          |    16 |       ||    16
         Punch             |       |     2 ||     2
   Stab: Sleeping          |     5 |     1 ||     6
 Armour: Animal skin       |    38 |    29 ||    67
  Dodge: Dodged            |    63 |    17 ||    80

Illustrated notes

Table legend:
 A = Kills in this place as a percentage of kills in the entire game.
 B = Kills by you in this place as a percentage of kills by you in the entire game.
 C = Kills by friends in this place as a percentage of kills by friends in the entire game.
 D = Other kills in this place as a percentage of other kills in the entire game.
 E = Experience gained in this place as a percentage of experience gained in the entire game.
 F = Experience gained in this place divided by the number of levels of this place that you have seen.
                   A       B       C       D       E      F
               +-------+-------+-------+-------+-------+----------------------
         Total | 100.0 | 100.0 |   N/A |   N/A | 100.0 |  34.3
       Dungeon | 100.0 | 100.0 |   N/A |   N/A | 100.0 |  34.3
               +-------+-------+-------+-------+-------+----------------------

Table legend: (Time is in decaauts)
 A = Elapsed time spent in this place.
 B = Non-inter-level travel time spent in this place.
 C = Inter-level travel time spent in this place.
 D = Time resting spent in this place.
 E = Time spent auto-exploring this place.
 F = Levels seen in this place.
 G = Mean time per level.
                   A        B        C        D        E       F      G
               +--------+--------+--------+--------+--------+-----+--------+
         Total |   1770 |   1727 |     43 |      0 |   1401 |   3 |  590.0 |
       Dungeon |   1770 |   1727 |     43 |      0 |   1401 |   3 |  590.0 |
               +--------+--------+--------+--------+--------+-----+--------+

Top non-repeatable levels by time:
     D:1: 800 daAuts
     D:2: 736 daAuts
     D:3: 234 daAuts
